 Dungeon Crawl Stone Soup version 0.17-a0-1411-g06ff558 (webtiles) character file.

13115 Kampffrosch the Severer (level 11, -3/88 HPs)
             Began as a Deep Dwarf Berserker on Jan 9, 2015.
             Was a Believer of Trog.
             Slain by Rupert
             ... wielding a +3 vampiric battleaxe
              (13 damage)
             ... on level 3 of the Lair of Beasts on June 23, 2015.
             The game lasted 01:06:26 (9140 turns).

Kampffrosch the Severer (Deep Dwarf Berserker)      Turns: 9140, Time: 01:06:26

Health: -3/88      AC:  7    Str: 21    XL:     11   Next: 71%
Magic:  11/11      EV: 14    Int:  9    God:    Trog [**....]
Gold:   600        SH:  0    Dex: 14    Spells: 0 memorised, 10 levels left

rFire  + + .     SeeInvis +     E - +1 broad axe
rCold  . . .     Clarity  .     g - +2 leather armour {rF+}
rNeg   . . .     SustAt   .     C - +1 buckler {rF+}
rPois  +         Gourm    +     (no helmet)
rElec  .         Spirit   .     m - +0 cloak
rCorr  .         Warding  .     (no gloves)
rMut   .         Stasis   .     (no boots)
MR     +....                    y - amulet of the gourmand
Stlth  +.........               I - ring of see invisible
                                L - ring of poison resistance

@: confused, exhausted, non-regenerating, slowed, very slow, somewhat resistant
to hostile enchantments, very unstealthy
A: damage resistance, recharge devices, sense surroundings 2, slow healing 3
a: Device Recharging, Burn Spellbooks, Berserk, Trog's Hand, Renounce Religion


You were on level 3 of the Lair of Beasts.
You worshipped Trog.
Trog was pleased with you.
You were full.

You visited 2 branches of the dungeon, and saw 12 of its levels.
You also visited: Volcano.

You collected 600 gold pieces.

Inventory:

Hand weapons
 i - a +1 morningstar of flaming
 E - a +1 broad axe (weapon)
Armour
 g - a +2 leather armour of fire resistance (worn)
 m - a +0 cloak (worn)
 C - a +1 buckler of fire resistance (worn)
Jewellery
 q - an uncursed ring of protection from cold
 t - an uncursed ring of teleportation
 y - an amulet of the gourmand (around neck)
 I - a ring of see invisible (right hand)
 L - a ring of poison resistance (left hand)
Magical devices
 c - a wand of heal wounds (2)
 l - a wand of confusion (9)
 z - a wand of slowing (15)
 K - a wand of slowing (19)
Scrolls
 e - 6 scrolls of teleportation
 f - 2 scrolls of enchant armour {unknown}
 j - 3 scrolls of identify
 B - 2 scrolls of blinking
 F - a scroll of remove curse
 G - a scroll of magic mapping
Potions
 a - 2 potions of haste
 b - a potion of restore abilities
 h - a potion of resistance {unknown}
 k - 2 potions of berserk rage
 o - 3 potions of cancellation
 p - a potion of degeneration
 r - 2 potions of heal wounds
 u - a potion of brilliance
 v - a potion of ambrosia
 A - 2 potions of might
 H - a potion of invisibility {unknown}
 M - a potion of magic {unknown}
 N - a potion of lignification {unknown}
 O - 2 potions of agility {unknown}
Comestibles
 d - 4 bread rations
 n - 8 chunks of flesh
 s - 12 fruits
 x - 2 royal jellies
 D - 2 slices of pizza
 J - a beef jerky


   Skills:
 - Level 2.6 Fighting
 * Level 17.1 Axes
 + Level 7.5 Armour
 - Level 5.5 Dodging
 - Level 4.7 Shields


You had 10 spell levels left.
You didn't know any spells.

Dungeon Overview and Level Annotations

Branches:
Dungeon (11/15)            Temple (0/1) D:7            Lair (3/8) D:11
    Orc (0/4) D:11
  Swamp: Lair:3-6    Shoals: Lair:3-6     Snake: Lair:3-6    Spider: Lair:3-6

Altars:
Ashenzari
Cheibriados
Elyvilon
Nemelex Xobeh
Trog

Annotations:
Lair:3 exclusion: oklob plant, Rupert


Innate Abilities, Weirdness & Mutations

You are resistant to damage.
You can recharge devices by infusing magical energy.
You passively map the area around you.
You do not heal naturally.


Message History

Rupert is almost dead.
You are no longer berserk.
You are exhausted.
You feel yourself slow down.
Drink which item? (? for menu, Esc to quit)
You are more confused.
You feel invigorated.
Rupert looks more energetic.
Rupert hits you with a vampiric battleaxe!
* * * LOW HITPOINT WARNING * * *
Rupert hits you with a vampiric battleaxe.
Rupert draws strength from your injuries!
You bump into the rock wall.
Rupert roars madly and goes into a rage!
Rupert goes berserk!
You're too confused to move!
Rupert hits you with a vampiric battleaxe!!
* * * LOW HITPOINT WARNING * * *
Rupert draws strength from your injuries!
Rupert hits you with a vampiric battleaxe!
You die...

......###...##...................
......##...##...........P#....#.#
....P..#.........(..#..###.......
.P.P#.#...........####.###.....#.
.......P......#....# ###........#
...................# #.#......##
...........#.##....# ###.....#.#
...........###.@..#####.P...#....
...####...#####.@## #......#..#..
..........##P##### #.....#......
........+.##..#.#####............
........#..P...#.#.##...........#
........#..........##..........##
...................#...........#
........#..........P.#.....######
...)....#.#.###..........<.####..
...........###P..................


You could see Rupert (berserk).

Vanquished Creatures
  A hydra (Lair:2)
  A centaur warrior (Volcano)
  A hill giant (D:10)
  The ghost of Pikaro the Martial Artist, an experienced OpTm of Okawaru (D:7)
  A gargoyle (D:10)
  A spiny frog (Lair:2)
  A fire drake (D:11)
  2 komodo dragons
  A troll (D:7)
  5 blink frogs (Lair:3)
  A wyvern (D:9)
  2 hungry ghosts
  2 hippogriffs
  5 wolves (Lair:2)
  8 yaks (Lair:3)
  Edmund (D:6)
  2 porcupines
  4 water moccasins
  3 sky beasts
  2 orc warriors
  4 black bears
  A phantom (D:6)
  5 ogres
  6 crocodiles
  2 ice beasts
  7 centaurs
  9 giant frogs
  A gnoll sergeant (D:6)
  6 scorpions
  A wyvern skeleton (D:10)
  3 killer bees (D:9)
  2 centaur zombies (D:8)
  A giant frog zombie (D:7)
  2 electric eels (Lair:3)
  4 hounds
  2 beetles
  4 crimson imps
  4 orc priests
  4 jellies
  6 orc wizards
  2 centaur skeletons
  11 iguanas
  5 worker ants
  Jessica (D:2)
  A worker ant zombie (D:11)
  9 adders
  6 gnolls (D:6)
  5 river rats (Lair:3)
  4 shadow imps
  A worm (D:2)
  5 giant geckos
  29 orcs
  12 bats
  10 hobgoblins
  6 jackals
  14 kobolds
  7 quokkas
  5 giant cockroaches
  3 giant newts
  A giant spore (D:6)
  5 goblins
  18 rats
  A ballistomycete (D:6)
  2 fungi
  2 plants (Lair:3)
284 creatures vanquished.

Notes
Turn   | Place    | Note
--------------------------------------------------------------
     0 | D:1      | Kampffrosch, the Deep Dwarf Berserker, began the quest for the Orb.
     0 | D:1      | Reached XP level 1. HP: 20/20 MP: 1/1
   207 | D:1      | Reached XP level 2. HP: 25/27 MP: 2/2
   215 | D:1      | Reached skill level 4 in Axes
   242 | D:1      | Found a sparkling altar of Nemelex Xobeh.
   350 | D:1      | Acquired Trog's second power
   934 | D:2      | Noticed Jessica
   944 | D:2      | Killed Jessica
   944 | D:2      | Reached XP level 3. HP: 28/33 MP: 3/3
   945 | D:2      | Reached skill level 5 in Axes
  1139 | D:2      | Reached XP level 4. HP: 25/40 MP: 4/4
  1339 | D:2      | Reached skill level 6 in Axes
  1431 | D:2      | Found a white marble altar of Elyvilon.
  1678 | D:2      | Reached XP level 5. HP: 39/46 MP: 5/5
  1844 | D:3      | You fall through a shaft for 3 floors!
  1870 | D:6      | Noticed Edmund
  1883 | D:6      | Killed Edmund
  1920 | D:6      | Noticed a phantom
  1929 | D:6      | Reached skill level 7 in Axes
  1981 | D:6      | Killed a phantom
  1981 | D:6      | Reached XP level 6. HP: 21/55 MP: 6/6
  2074 | D:6      | Reached skill level 8 in Axes
  2075 | D:6      | Reached XP level 7. HP: 26/61 MP: 7/7
  2292 | D:6      | Noticed a black bear
  2297 | D:6      | Killed a black bear
  2469 | D:6      | Noticed an orc warrior
  2485 | D:6      | Killed an orc warrior
  2485 | D:6      | Reached skill level 9 in Axes
  2531 | D:6      | Reached XP level 8. HP: 34/68 MP: 8/8
  2541 | D:6      | Noticed an ogre
  2549 | D:6      | Killed an ogre
  2769 | D:6      | Found a snail-covered altar of Cheibriados.
  2897 | D:7      | Reached skill level 10 in Axes
  3061 | D:7      | Found a sparkling altar of Nemelex Xobeh.
  3224 | D:7      | Noticed Pikaro's ghost (experienced OpTm)
  3239 | D:7      | Killed Pikaro's ghost
  3239 | D:7      | Reached skill level 11 in Axes
  3239 | D:7      | Reached skill level 5 in Dodging
  3323 | D:7      | Gained mutation: You passively map the area around you. [level up]
  3323 | D:7      | Reached XP level 9. HP: 41/74 MP: 9/9
  3392 | D:7      | Noticed a troll
  3400 | D:7      | Killed a troll
  3416 | D:7      | Found a staircase to the Ecumenical Temple.
  3679 | D:7      | Found a bloodstained altar of Trog.
  3985 | D:8      | Reached skill level 12 in Axes
  4016 | D:8      | Found a shattered altar of Ashenzari.
  4103 | D:9      | Upgraded the game from 0.16-a0-3540-gcd4db26 to 0.17-a0-1411-g06ff558
  4682 | D:9      | Reached skill level 13 in Axes
  5097 | D:10     | Entered Level 10 of the Dungeon
  5154 | D:10     | Noticed a gargoyle
  5163 | D:10     | Killed a gargoyle
  5163 | D:10     | Reached XP level 10. HP: 81/81 MP: 10/10
  5234 | D:10     | Noticed a hill giant
  5258 | D:10     | Killed a hill giant
  5258 | D:10     | Reached skill level 14 in Axes
  6022 | D:11     | Found a staircase to the Orcish Mines.
  6306 | D:11     | Reached skill level 15 in Axes
  6309 | D:11     | Found a staircase to the Lair.
  6526 | Lair:1   | Entered Level 1 of the Lair of Beasts
  7408 | Lair:2   | Found a dark tunnel.
  7445 | Volcano  | Entered a volcano
  7575 | Volcano  | Noticed a centaur warrior
  7588 | Volcano  | Killed a centaur warrior
  7588 | Volcano  | Reached skill level 5 in Armour
  7588 | Volcano  | Reached XP level 11. HP: 88/88 MP: 11/11
  7820 | Lair:2   | Reached skill level 16 in Axes
  8085 | Lair:2   | Noticed a four-headed hydra
  8097 | Lair:2   | Killed a four-headed hydra
  8922 | Lair:3   | Reached skill level 17 in Axes
  9087 | Lair:3   | Noticed Rupert
  9140 | Lair:3   | Slain by Rupert

Vault maps used:
D:1:      minmay_arrival_four_loops, st_stairs_12, nemelex_deck
D:2:      minmay_misc_feat_iff, elyvilon_altar_1, uniq_jessica
D:3:      first_bread
D:6:      black_bear_nest_2, cheibriados_altar_wand_db, uniq_edmund
D:7:      old_standard_altar, minmay_temple_entry_overgrown,
          trog_ov_bears_minmay
D:8:      cheibrodos_ashenzari_chains
D:11:     minmay_lair_entry_lava, david_orc_2
Lair:2:   nicolae_volcano_entry_lava_flow
Lair:3:   minivault_25, serial_bayou_shore_a, uniq_rupert
Volcano:  volcano_pools

Action                   |  1- 3 |  4- 6 |  7- 9 | 10-12 || total
-------------------------+-------+-------+-------+-------++-------
Melee: Hand axe          |   123 |   157 |   249 |       ||   529
       War axe           |       |       |    42 |       ||    42
       Broad axe         |       |       |   212 |   389 ||   601
       Morningstar       |       |       |       |    33 ||    33
Invok: Trog's Hand       |     2 |     6 |    31 |    35 ||    74
       Berserk           |       |     3 |     9 |    12 ||    24
       Burn Spellbooks   |       |       |     1 |       ||     1
Evoke: Wand              |       |     1 |     2 |     2 ||     5
  Use: Scroll            |       |       |     6 |    16 ||    22
       Potion            |       |       |       |     1 ||     1
 Stab: Sleeping          |       |       |       |     1 ||     1
  Eat: Chunk             |     1 |     3 |    18 |    37 ||    59
       Bread ration      |       |     1 |     1 |     1 ||     3
       Fruit             |       |       |     1 |       ||     1
